 Dungeon Crawl Stone Soup version 0.31-a0-675-g238779eb0a (webtiles) character file.

Game seed: 16867707837588845556

80 qw the Shooter (level 4, -1/28 HPs)
             Began as a Gargoyle Hunter on Sept 5, 2023.
             Slain by Ijyb
             ... wielding a +0 club
              (2 damage)
             ... on level 3 of the Dungeon.
             The game lasted 00:00:37 (1666 turns).

qw the Shooter (Gargoyle Hunter)                    Turns: 1666, Time: 00:00:37

Health: -1/28      AC: 12    Str: 14    XL:     4   Next: 39%
Magic:  4/4        EV: 11    Int: 13    God:
Gold:   164        SH:  0    Dex: 15    Spells: 3/3 levels left

rFire   . . .        Y - +0 shortbow (drain)
rCold   . . .        (shield currently unavailable)
rNeg    + . .        j - +3 leather armour "Mamiunorr" {Int+3}
rPois   inf          (no helmet)
rElec   +            (no cloak)
rCorr   .            b - +2 pair of gloves
SInv    .            (no boots)
Will    .....        (no amulet)
Stlth   +            (no ring)
HPRegen 0.24/turn    (no ring)
MPRegen 0.09/turn

%: no passive effects
@: confused
A: sickness immunity, AC +3, negative energy resistance 1, electricity
resistance, torment resistance 1, petrification resistance
a: no special abilities


You were on level 3 of the Dungeon.
You visited 1 branch of the dungeon, and saw 3 of its levels.

You collected 164 gold pieces.


Innate Abilities, Weirdness & Mutations

You are immune to sickness and miasma.
Your stone body is resilient. (AC +3)
You are immune to poison.
You resist negative energy. (rN+)
You are resistant to electric shocks. (rElec)
You are resistant to unholy torment.
You are immune to petrification.


   Skills:
 - Level 3.4 Fighting
 + Level 5.1 Ranged Weapons
 - Level 1.5 Dodging
 - Level 1.1 Stealth


You had 3 spell levels left.
You didn't know any spells.
Your spell library was empty.

Inventory:

Hand Weapons
 Y - a +0 shortbow of draining (weapon)
Armour
 b - a +2 pair of gloves (worn)
 j - the +3 leather armour "Mamiunorr" (worn) {Int+3}
   (You took it off a hobgoblin on level 2 of the Dungeon)

   Int+3:     It affects your intelligence (+3).
Scrolls
 a - a scroll of teleportation
Potions
 e - a potion of attraction {unknown}
 f - a potion of enlightenment {unknown}
 i - a potion of invisibility {unknown}
 k - a potion of mutation {unknown}

Dungeon Overview and Level Annotations

Branches:
Dungeon (3/15)

Altars:

Annotations:
D:3 Ijyb


Message History

Ijyb hits you but does no damage. The worm barely misses you.
Ijyb screams, "No!
No, no, no, no!"
Ijyb hits you with a +0 club. Ijyb hits you with a +0 club.
The worm bites you but does no damage. Ijyb hits you but does no damage.
The worm closely misses you. Ijyb barely misses you.
Ijyb screams, "No!
No, no, no, no!"
Ijyb zaps a wand.
Your will is overpowered!
You are more confused.
The worm bites you but does no damage. Ijyb barely misses you.
Ijyb hits you but does no damage. The worm barely misses you.
Ijyb zaps a wand.
Your will is overpowered!
You are more confused.
The worm bites you but does no damage. Ijyb closely misses you.
Ijyb closely misses you. The worm bites you but does no damage.
Ijyb hits you but does no damage. Ijyb hits you but does no damage.
The worm closely misses you. Ijyb hits you but does no damage.
The worm bites you but does no damage. Ijyb barely misses you.
Ijyb zaps a wand.
You resist with some effort. The worm closely misses you.
Ijyb zaps a wand.
You resist with some effort. Ijyb hits you with a +0 club. The worm misses you.
Ijyb zaps a wand.
Your will is overpowered!
You are more confused.
The worm barely misses you. Ijyb hits you but does no damage.
Ijyb hits you but does no damage. The worm barely misses you.
Ijyb zaps a wand.
You resist with some effort.
Ijyb seems less drained.
Ijyb zaps a wand.
You resist with some effort. The worm bites you but does no damage.
Ijyb zaps a wand.
Your will is overpowered!
You are more confused.
The worm closely misses you.
Ijyb zaps a wand.
You resist with some effort.
Ijyb zaps a wand.
Your will is overpowered!
You are more confused.
The worm closely misses you. Ijyb closely misses you.
Ijyb hits you with a +0 club. The worm bites you. Ijyb hits you with a +0 club.
You die...

#......# ..
#......# #.#
#......#
#..##......# #.
...........##8.8
..........>.....
...........8.8.8
........@g...._.
...##..<#w.8...8
#..##....... #..
...#8.8 ..#.
...+ .. .#.##
.%.# . .. # ....
. .....


You could see Ijyb and a worm.

Vanquished Creatures
  Terence (D:2)
  An adder (D:3)
  A ball python (D:1)
  6 endoplasms (D:1)
  A giant cockroach (D:1)
  3 goblins
  5 hobgoblins
  5 jackals
  2 kobolds (D:1)
  3 quokkas (D:1)
  7 bats (D:1)
  4 frilled lizards
  A rat (D:2)
40 creatures vanquished.

Notes
Turn   | Place    | Note
-------+----------+-------------------------------------------
     0 | D:1      | qw the Gargoyle Hunter began the quest for the Orb.
     0 | D:1      | Reached XP level 1. HP: 12/12 MP: 1/1
     0 | D:1      | 0 ||| qw: Version: 0.3-a-75-g829b12e
     0 | D:1      | 0 ||| qw: Game counter: 133
     0 | D:1      | 0 ||| qw: Melee chars always use a shield: true
     0 | D:1      | 0 ||| qw: God list: Okawaru
     0 | D:1      | 0 ||| qw: Allow faded altars: false
     0 | D:1      | 0 ||| qw: Do Orc after clearing Dungeon:15 true
     0 | D:1      | 0 ||| qw: Do second Lair branch before Depths: true
     0 | D:1      | 0 ||| qw: Lair rune preference: random
     0 | D:1      | 0 ||| qw: Goals: Normal
     0 | D:1      | 0 ||| PLANNING D:1-11
    60 | D:1      | Reached XP level 2. HP: 17/17 MP: 2/2
   377 | D:1      | Reached XP level 3. HP: 21/21 MP: 3/3
   618 | D:1      | Reached skill level 5 in Ranged Weapons
   789 | D:1      | 789 ||| READING scroll labelled VEOTUO JEDGHAO.
   790 | D:1      | 790 ||| READING scroll labelled SAODGHAOSI.
   791 | D:1      | 791 ||| DROPPING scroll of butterflies.
  1034 | D:2      | Identified the +3 leather armour "Mamiunorr" {Int+3}
  1226 | D:2      | Noticed Terence
  1236 | D:2      | HP: 5/22 [Terence/+0 mace (7)]
  1240 | D:2      | HP: 2/22 [Terence/+0 mace (4)]
  1241 | D:2      | Killed Terence
  1242 | D:2      | Reached skill level 3 in Fighting
  1242 | D:2      | Reached XP level 4. HP: 3/28 MP: 4/4
  1537 | D:2      | 1537 ||| UPGRADING to +2 pair of gloves.
  1542 | D:2      | 1542 ||| UPGRADING to +0 ring mail.
  1552 | D:2      | 1552 ||| DROPPING +0 leather armour.
  1553 | D:2      | 1553 ||| UPGRADING to +3 leather armour "Mamiunorr"
                  | {Int+3}.
  1563 | D:2      | 1563 ||| DROPPING +0 ring mail.
  1564 | D:2      | 1564 ||| READING 2 scrolls labelled BOHYAL LUGRUGG.
  1567 | D:2      | 1567 ||| READING scroll labelled BIAPHY UTASHA.
  1568 | D:2      | 1568 ||| READING scroll labelled GOT YDEEHAI.
  1612 | D:3      | Found a faded altar of an unknown god.
  1620 | D:3      | Noticed Ijyb
  1637 | D:3      | HP: 6/28 [worm (7)]
  1640 | D:3      | HP: 1/28 [Ijyb/+0 club (4)]
  1655 | D:3      | HP: 3/28 [Ijyb/+0 club (1)]
  1665 | D:3      | HP: 3/28 [Ijyb/+0 club (3)]
  1665 | D:3      | HP: 1/28 [worm (2)]
  1666 | D:3      | Slain by Ijyb

Levels and vault maps discovered:
D:1:      minmay_arrival_diagonal_passages, layout_basic, minivault_26
D:2:      layout_loops_ring, uniq_terence
D:3:      cheibrodos_fertilizer, layout_basic,
          worldfamousw_hep_ancestral_shrine, ebering_ecumenical_altar_ruins,
          uniq_ijyb

Skill      XL: |  1  2  3 |
---------------+----------+-----
Ranged Weapons | 5 |  5.1
Fighting       | 3 |  3.4
Dodging        | |  1.5
Stealth        | |  1.1

Action                     |  1- 3 |  4- 6 || total
---------------------------+-------+-------++-------
   Fire: Shortbow          |    97 |    15 ||   112
    Use: Scroll            |     2 |     3 ||     5
 Armour: Leather armour    |    25 |    33 ||    58
  Dodge: Dodged            |    23 |    21 ||    44

Table legend:
 A = Non-vault XP
 B = Vault XP
 C = Vault XP percentage of total XP
 D = Non-vault monster count
 E = Vault monster count
 F = Vault count percentage of total count
                 A         B        C        D         E       F
            +---------+---------+-------+---------+---------+-------
      Total |      79 |      36 |  31.3 |      39 |       1 |   2.5
            +---------+---------+-------+---------+---------+-------
        D:1 |      49 |       0 |   0.0 |      29 |       0 |   0.0
        D:2 |      11 |      36 |  76.6 |       6 |       1 |  14.3
        D:3 |      19 |       0 |   0.0 |       4 |       0 |   0.0
            +---------+---------+-------+---------+---------+-------
